 Dungeon Crawl Stone Soup version 0.19.1-1-g22dce08 (webtiles) character file.

8276 Queen the Bludgeoner (level 11, -4/60 HPs)
             Began as a Gargoyle Berserker on Jan 19, 2017.
             Was a High Priest of Trog.
             Splashed by Erica's acid (13 damage)
             ... on level 10 of the Dungeon.
             The game lasted 00:32:43 (9695 turns).

Queen the Bludgeoner (Gargoyle Berserker)           Turns: 9695, Time: 00:32:44

Health: -4/60      AC: 19    Str: 32    XL:     11   Next: 28%
Magic:  11/11      EV:  8    Int:  8    God:    Trog [*****.]
Gold:   665        SH:  0    Dex: 12    Spells: 0 memorised, 10 levels left

rFire  . . .     SeeInvis .     Q - +2 flail (crush)
rCold  . . .     Gourm    .     a - +0 plate armour
rNeg   + + .     Faith    .     (no shield)
rPois  ∞         Spirit   .     T - +2 helmet
rElec  +         Reflect  .     L - +0 cloak of Lox Wuid {*Contam rPois rN+ Str+9} (curse)
rCorr  .         Harm     .     (no gloves)
MR     .....                    (no boots)
Stlth  ..........               (no amulet)
                                C - +2 ring of strength
                                u - +1 ring of protection

@: corroded, slowed, very slow
A: negative energy resistance 1, electricity resistance, unbreathing,
petrification resistance, rot immunity, AC +7
a: Berserk, Trog's Hand, Brothers in Arms, Burn Spellbooks, Renounce Religion


You were on level 10 of the Dungeon.
You worshipped Trog.
Trog was extremely pleased with you.
You were not hungry.

You visited 2 branches of the dungeon, and saw 11 of its levels.

You collected 665 gold pieces.

Inventory:

Hand Weapons
 Q - a +2 flail of crushing (weapon)
Missiles
 U - 4 tomahawks (quivered)
 W - a tomahawk of dispersal
Armour
 a - a +0 plate armour (worn)
 L - the cursed +0 cloak of Lox Wuid (worn) {*Contam rPois rN+ Str+9}
   (You found it on level 7 of the Dungeon)

   It affects your strength (+9).
   It protects you from poison.
   It protects you from negative energy.
   It causes magical contamination when unequipped.
   It has a curse placed upon it.
 T - a +2 helmet (worn)
Jewellery
 u - a +1 ring of protection (left hand)
 C - a +2 ring of strength (right hand)
 D - a +4 ring of intelligence
Wands
 G - a wand of iceblast (6/15)
 J - a wand of hasting (5/9)
 N - a wand of slowing (31/48)
 O - a wand of paralysis (10/24)
 S - a wand of flame (34/48)
Scrolls
 e - 2 scrolls of fear
 f - 3 scrolls of blinking
 g - a scroll of enchant armour {unknown}
 h - a scroll of noise {unknown}
 j - 2 scrolls of amnesia {unknown}
 k - a scroll of fog {unknown}
 o - 3 scrolls of immolation {unknown}
 q - 3 scrolls of remove curse
 v - a scroll of random uselessness {unknown}
 w - 3 scrolls of teleportation {unknown}
 x - 3 scrolls of magic mapping {unknown}
 y - 2 scrolls of enchant weapon
 E - 3 scrolls of recharging {unknown}
 R - 3 scrolls of identify
 V - a scroll of summoning {unknown}
Potions
 d - 2 potions of agility
 m - a potion of ambrosia
 n - a potion of heal wounds
 p - 5 potions of magic
 r - a potion of haste
 s - 2 potions of brilliance
 z - a potion of cure mutation
 B - a potion of mutation
 K - a potion of curing {unknown}
 P - 3 potions of degeneration {unknown}
Books
 b - a book of Cantrips

   Spells                             Type                      Level
   a - Confusing Touch                Hexes                        1
   b - Animate Skeleton               Necromancy                   1
   c - Summon Small Mammal            Summoning                    1
   d - Apportation                    Translocation                1
   Trog disapproves of the use of such an item.
 t - a book of Misfortune

   Spells                             Type                      Level
   a - Confusing Touch                Hexes                        1
   b - Confuse                        Hexes                        3
   c - Gell's Gravitas                Hexes/Translocation          3
   d - Petrify                        Transmutation/Earth          4
   e - Metabolic Englaciation         Hexes/Ice                    5
   f - Yara's Violent Unravelling     Hexes/Transmutation          5
   Trog disapproves of the use of such an item.
 F - the Grimoire of the Glacier
   (You found it on level 6 of the Dungeon)

   Spells                             Type                      Level
   a - Throw Frost                    Conjuration/Ice              2
   b - Ozocubu's Armour               Charms/Ice                   3
   c - Summon Ice Beast               Ice/Summoning                4
   d - Metabolic Englaciation         Hexes/Ice                    5
   e - Ozocubu's Refrigeration        Ice                          6
   Trog disapproves of the use of such an item.
 H - a book of Maledictions

   Spells                             Type                      Level
   a - Corona                         Hexes                        1
   b - Ensorcelled Hibernation        Hexes/Ice                    2
   c - Confuse                        Hexes                        3
   d - Tukima's Dance                 Hexes                        3
   e - Dazzling Spray                 Conjuration/Hexes            3
   Trog disapproves of the use of such an item.
 M - a book of Changes

   Spells                             Type                      Level
   a - Beastly Appendage              Transmutation                1
   b - Sticks to Snakes               Transmutation                2
   c - Spider Form                    Transmutation/Poison         3
   d - Ice Form                       Ice/Transmutation            4
   e - Blade Hands                    Transmutation                5
   Trog disapproves of the use of such an item.
Comestibles
 c - 8 bread rations
 i - 3 fruits
 l - 2 meat rations
 A - 3 royal jellies
 I - 2 slices of pizza
 X - a chunk of flesh
 Y - 6 beef jerkies


   Skills:
 - Level 3.2 Fighting
 + Level 16.3 Maces & Flails
 - Level 2.1 Armour
 - Level 1.5 Dodging


You had 10 spell levels left.
You didn't know any spells.

Dungeon Overview and Level Annotations

Branches:
Dungeon (10/15)            Temple (1/1) D:4            Lair (0/6) D:8
    Orc (0/2) D:9

Altars:
Cheibriados
Dithmenos
Fedhas
Gozag
Kikubaaqudgha
Okawaru
Sif Muna
Trog
Uskayaw
Vehumet
Xom
Yredelemnul
Zin
The Shining One

Annotations:
D:10 Erica


Innate Abilities, Weirdness & Mutations

You are resistant to torment.
Your stone body is resilient. (AC +7)
You are immune to poison.
You resist negative energy. (rN+)
You are resistant to electric shocks. (rElec)
You can survive without breathing.
You are immune to petrification.
You are immune to rotting.


Message History

Something hits you. Something burns you.
You closely miss something. Something hits you but does no damage.
You miss something.
You are no longer corroded.
Something hits you. Something burns you.
You completely miss something.
You hear a zap.
A bolt of acid appears from out of thin air!
The bolt of acid hits you! The acid corrodes you!
You are splashed with acid!
The acid burns!
You closely miss something. Something completely misses you.
Your plate armour prevents you from hitting something.
Your skin stops crawling.
You feel less resistant to hostile enchantments.
You hear a zap.
A bolt of acid appears from out of thin air!
The bolt of acid hits you!
* * * LOW HITPOINT WARNING * * *
You are splashed with acid!
The acid burns!
You die...

### #..
######.###.#.##
#......@{.....#
#.####.###.....
###.####.# ..#
#.....<..#####.
#
#.#.###........#
###.
#.###.######.#
###... # #..##.#
##+# #.....
#.##.##.#
##...## #.....
#.##.##.#
##.....## #.....


There were no monsters in sight!

Vanquished Creatures
  A hydra (D:9)
  An unseen horror (D:10)
  The ghost of BoredOne the Quickloader, a novice CeHu of Trog (D:5)
  Joseph (D:7)
  A troll (D:8)
  Grinder (D:6)
  A hippogriff (D:6)
  Sigmund (D:6)
  A wyvern (D:8)
  2 water moccasins
  An ice beast (D:5)
  6 orc warriors
  2 phantoms
  4 ogres
  7 centaurs
  A big kobold (D:8)
  4 bullfrogs (D:8)
  A wyvern zombie (D:10)
  2 wyvern skeletons (D:7)
  A water moccasin skeleton (D:7)
  4 scorpions
  19 killer bees
  8 wights
  3 electric eels
  4 crimson imps
  A centaur zombie (D:4)
  2 bullfrog zombies
  5 orc priests
  9 orc wizards
  A centaur skeleton (D:9)
  10 hounds
  2 bullfrog skeletons
  Jessica (D:3)
  An iguana (D:5)
  A worker ant (D:6)
  2 hound skeletons
  A worker ant zombie (D:7)
  12 adders
  4 gnolls (D:5)
  3 shadow imps
  4 oozes
  2 adder skeletons
  2 adder zombies
  2 worms
  3 dart slugs
  4 leopard geckos
  32 orcs
  2 ball pythons
  6 giant cockroaches
  8 goblins
  10 hobgoblins
  10 jackals
  2 quokkas
  4 bats
  2 frilled lizards (D:2)
  6 kobolds
  2 rats
  A spectral orc (D:3)
235 creatures vanquished.

Notes
Turn   | Place    | Note
-------+----------+-------------------------------------------
     0 | D:1      | Queen the Gargoyle Berserker began the quest for the Orb.
     0 | D:1      | Reached XP level 1. HP: 14/14 MP: 1/1
   229 | D:1      | Reached XP level 2. HP: 18/19 MP: 2/2
   884 | D:2      | Reached skill level 4 in Maces & Flails
   908 | D:2      | Reached XP level 3. HP: 19/23 MP: 3/3
  1604 | D:3      | Reached XP level 4. HP: 28/28 MP: 4/4
  1628 | D:3      | Found a basalt altar of Yredelemnul.
  1666 | D:3      | Reached ** piety under Trog
  1734 | D:3      | Found a glowing silver altar of Zin.
  1735 | D:3      | Found an opulent altar of Gozag.
  1819 | D:3      | Reached skill level 5 in Maces & Flails
  2015 | D:3      | Noticed Jessica
  2026 | D:3      | Killed Jessica
  2026 | D:3      | Reached XP level 5. HP: 30/32 MP: 5/5
  2152 | D:4      | Found a blossoming altar of Fedhas.
  2251 | D:4      | Reached skill level 6 in Maces & Flails
  2409 | D:4      | Reached XP level 6. HP: 20/37 MP: 6/6
  2568 | D:4      | Found a staircase to the Ecumenical Temple.
  2623 | D:4      | Reached skill level 7 in Maces & Flails
  2882 | D:4      | Reached XP level 7. HP: 35/41 MP: 7/7
  3227 | Temple   | Entered the Ecumenical Temple
  3247 | D:5      | Entered Level 5 of the Dungeon
  3248 | D:5      | Noticed BoredOne's ghost (novice CeHu)
  3264 | D:5      | Killed BoredOne's ghost
  3264 | D:5      | Reached skill level 9 in Maces & Flails
  3264 | D:5      | Reached XP level 8. HP: 41/46 MP: 8/8
  3319 | D:5      | Found an ancient bone altar of Kikubaaqudgha.
  3628 | D:5      | Found a shadowy altar of Dithmenos.
  3707 | D:5      | Reached skill level 10 in Maces & Flails
  3897 | D:5      | Found a glowing golden altar of the Shining One.
  4027 | D:5      | Found a shimmering altar of Xom.
  4028 | D:5      | Found a hide-covered altar of Uskayaw.
  4187 | D:6      | Noticed Grinder
  4216 | D:6      | Killed Grinder
  4370 | D:6      | Found an opulent altar of Gozag.
  4396 | D:6      | Noticed Sigmund
  4425 | D:6      | Killed Sigmund
  4464 | D:6      | Found a snail-covered altar of Cheibriados.
  4479 | D:6      | Identified the Grimoire of the Glacier
  4511 | D:6      | Reached skill level 11 in Maces & Flails
  4673 | D:6      | Reached XP level 9. HP: 24/51 MP: 9/9
  5232 | D:7      | Reached *** piety under Trog
  5262 | D:6      | HP: 3/76 [hippogriff (6)]
  5566 | D:7      | Reached skill level 12 in Maces & Flails
  5592 | D:7      | Noticed Joseph
  5622 | D:7      | Killed Joseph
  5825 | D:7      | Got a jewelled cloak
  5831 | D:7      | Identified the cursed +0 cloak of Lox Wuid {*Contam rPois rN+ Str+9} (You found it on level 7 of the Dungeon)
  6110 | D:7      | You fall through a shaft for 2 floors!
  6142 | D:9      | Reached skill level 13 in Maces & Flails
  6555 | D:9      | Reached XP level 10. HP: 47/56 MP: 10/10
  6601 | D:9      | Noticed a four-headed hydra
  6606 | D:9      | Killed a four-headed hydra
  6606 | D:9      | Reached **** piety under Trog
  6606 | D:9      | Reached skill level 14 in Maces & Flails
  6796 | D:9      | Found an iron altar of Okawaru.
  6796 | D:9      | Found a bloodstained altar of Trog.
  7335 | D:9      | Found a staircase to the Orcish Mines.
  7546 | D:8      | Reached ***** piety under Trog
  7552 | D:8      | Found a staircase to the Lair.
  7567 | D:8      | Reached skill level 15 in Maces & Flails
  7943 | D:8      | Found a radiant altar of Vehumet.
  8032 | D:8      | Found a deep blue altar of Sif Muna.
  8227 | D:8      | Reached XP level 11. HP: 60/60 MP: 11/11
  9029 | D:7      | Reached skill level 16 in Maces & Flails
  9296 | D:10     | Entered Level 10 of the Dungeon
  9475 | D:10     | Killed an unseen horror
  9675 | D:10     | Noticed Erica
  9695 | D:10     | Splashed by Erica's acid

Skill      XL: |  1  2  3  4  5  6  7  8  9 10 11 |
---------------+----------------------------------+-----
Maces & Flails | 4 5 6 7 9 11 13 15 16 | 16.3
Fighting       | |  3.2
Armour         | |  2.1
Dodging        | |  1.5

Action                   |  1- 3 |  4- 6 |  7- 9 | 10-12 || total
-------------------------+-------+-------+-------+-------++-------
Melee: Mace              |    97 |   123 |   303 |       ||   523
       Flail             |       |       |    43 |   442 ||   485
Invok: Berserk           |       |     3 |     7 |     1 ||    11
       Trog's Hand       |       |     2 |       |     3 ||     5
  Use: Scroll            |       |     8 |     5 |       ||    13
 Stab: Sleeping          |       |     1 |       |       ||     1
  Eat: Chunk             |     2 |     8 |     8 |    13 ||    31
       Meat ration       |       |       |     2 |       ||     2
Armor: Animal skin       |    30 |     5 |       |       ||    35
       Ring mail         |       |    51 |    80 |       ||   131
       Chain mail        |       |       |    47 |       ||    47
       Plate armour      |       |       |    18 |   273 ||   291
Dodge: Dodged            |    64 |    75 |   142 |   143 ||   424
